Mixtura, neutral male gnomish Wizard --------- ------- |.......| |.....| |.......-###############` |......## |......%| |....>| # | -.------- |.....| ### ## ....| # -------- ##-.....| # # ..........| # |......| ##.----|- *#%#@#r#`..............| ### |..<....####### # ' # -------------- # #.......| # # # ### ###-----|-- # # # # # # # ### ### ### # ------# # # # # # #-.>..-# ---|-# ###########` ## ###|....| |...|# -|-.-- # |....| |...|# ##########.....-## ------ |....# |....| ----- --.--- # Mixtura the Conjurer Experience level: 4 Strength: 11 Dexterity: 14 Constitution: 13 Intelligence: 18 Wisdom: 11 Charisma: 11 Health: 0(19) Energy: 3(39) Def: 2 Gold: 377 Moves: 1830 Dungeon seed: Fcj-uFMMoh8LNqpW Game ID: Mixtura_1478492173 Your Inventory: Coins $ - 377 gold pieces Amulets s - a cursed amulet of restful sleep Weapons a - a blessed +1 quarterstaff (weapon in hands) Armor e - an uncursed +0 cloak of magic resistance (being worn) n - an uncursed +0 orcish helm (being worn) Scrolls i - 3 uncursed scrolls of create monster Spellbooks k - a blessed spellbook of force bolt l - an uncursed spellbook of stone to flesh q - an uncursed spellbook of jumping Potions f - a blessed potion of gain energy g - an uncursed potion of paralysis h - an uncursed potion of blindness o - an uncursed potion of restore ability Rings c - an uncursed +2 ring of increase accuracy (on left hand) d - an uncursed ring of free action (on right hand) u - an uncursed ring of conflict Wands b - a wand of teleportation (0:5) p - a cursed wand of create monster (0:10) t - a wand of magic missile (0:5) Tools m - a magic marker (0:65) Spells and supernatural/magical abilities: Name Level Category Fail Memory a - force bolt 1 attack 0% 91% j - jumping 1 escape 0% 97% S - stone to flesh 3 healing 92% 91% W - pray for help -- divine ? -- Your skills at the end: Fighting Skills Weapon Skills quarterstaff [Basic] Spellcasting Skills attack spells [Basic] enchantment spells [Basic] Final Attributes: You were piously aligned. You were magic-protected. You had infravision. You had a +2 bonus to hit. You had free action. You are dead. Vanquished creatures: a kitten a rabid rat a wererat an iguana 5 manes a large kobold a hobgoblin 3 giant rats 2 cave spiders 2 yellow molds 2 geckos 5 jackals 3 foxes a kobold 3 goblins 5 grid bugs a bat 5 lichens 5 newts 48 creatures vanquished. Voluntary challenges: You used a wielded weapon 28 times, starting on turn 12. You read items or engraved 4 times, starting on turn 1141. You never genocided any monsters. You never polymorphed an object. You never changed form. You used no wishes. You never split a pudding. You never wrote Elbereth's name. You violated your moral code, losing 14 points of alignment, starting on turn 1000. Dungeon overview: The Dungeons of Doom: levels 1 to 4 Level 1 a long staircase Level 2 a fountain Level 3 Level 4 <- You were here a long staircase History has recorded: On T:1 you entered the Dungeons of Doom to retrieve the Amulet of Yendor! On T:446 you advanced to experience level 2. On T:561 you reached level 2 of The Dungeons of Doom. On T:737 you advanced to experience level 3. On T:998 you reached level 3 of The Dungeons of Doom. On T:1183 you advanced to experience level 4. On T:1369 you reached level 4 of The Dungeons of Doom. Score breakdown: Gold: 377 ( 8767 points) Experience: 4 levels ( 9649 points) Exploration: 4 levels ( 8.16%) ( 7500 points) Discoveries: 4 items ( 1.39%) ( 3535 points) Valuables value: (no points given unless you survive) Artifact value: 0 ( 0 points) Variety of kills: 19 monsters ( 4.99%) ( 6699 points) Turncount: 1830 turns ( 0 points) Survival: died (score multiplied by 80%) Total score: 28920 Latest messages: You stop travelling. The spell hits the wererat! You kill the wererat! You see here a rabid rat corpse. The spell hits the jackal! You kill the jackal! The spell hits it. The straw golem hits! (4x) The spell misses the rock mole. The straw golem hits! (2x) You don't have enough energy to cast that spell. You hit the rock mole! The straw golem hits! (6x) You die... Final status: Goodbye Mixtura the Wizard, killed by a straw golem... You died in The Dungeons of Doom on dungeon level 4 with 28920 points, and 377 pieces of gold, after 1830 moves. You were level 4 with a maximum of 19 hit points when you died.